Map: Ulrena

Players

KooKish - Winner!

  • Race: Terran Terran
  • League: Silver
  • Spawn Location: 11:00

zidar

  • Race: Zerg Zerg
  • League: Gold
  • Spawn Location: 7:00

VOD

Have the link to the VOD?

Description

Time

  • Played on: May 30, 2016, 10:20 a.m.
  • Length: 10:40
Show
View Real Time Build Order
Export as new Build Order

KooKish Terran - Winner!

Build Orders:  

Get SALT Encoding   

  12  0:01  SCV  
  13  0:13  SCV  
  14  0:19  Supply Depot  
  14  0:25  SCV  
  15  0:41  Barracks, SCV  
  16  0:46  Refinery  
  16  0:55  SCV  
  17  1:07  SCV  
  18  1:21  SCV  
  19  1:30  Reaper  
  20  1:33  Supply Depot  
  20  1:38  SCV  
  21  1:52  SCV  
  22  1:57  Refinery  
  22  2:06  SCV  
  23  2:12  Factory  
  23  2:34  Barracks Reactor  
  23  2:47  Orbital Command  
  23  2:55  Barracks  
  23  3:00  Command Center  
  23  3:03  Starport  
  23  3:04  Factory Tech Lab  
  23  3:10  Marine x2  
  25  3:21  SCV  
  26  3:30  Marine x2  
  26  3:34  Supply Depot  
  28  3:35  Supply Depot  
  28  3:36  SCV  
  29  3:57  Marine  
  29  3:58  Marine  
  29  3:59  Barracks Tech Lab  
  29  4:00  Siege Tank  
  29  4:01  Medivac  
  36  4:09  Engineering Bay  
  36  4:11  Engineering Bay  
  36  4:12  SCV  
  36  4:15  Supply Depot  
  37  4:20  Stimpack  
  37  4:22  Barracks  
  37  4:34  SCV  
  38  4:38  Medivac  
  39  4:57  Marine  
  39  4:58  Marine  
  39  4:59  Marauder  
  43  5:00  Siege Tank  
  44  5:38  SCV  
  45  5:43  Command Center  
  43  6:01  Marine x2  
  43  6:03  Barracks Reactor  
  45  6:08  Terran Infantry Armor Level 1, Terran Infantry Weapons Level 1  
  45  6:09  Supply Depot  
  45  6:10  Starport Reactor  
  45  6:42  Marine x3  
  45  6:43  Marauder  
  45  6:44  Marine  
  45  6:45  Combat Shield  
  51  6:48  SCV  
  51  6:49  Medivac  
  54  7:05  Refinery x2  
  54  7:07  Marine x2  
  54  7:08  Marine x3  
  57  7:37  Marine  
  57  7:38  Marine x4  
  57  7:42  Medivac  
  57  7:43  Viking  
  66  7:47  Armory  
  66  7:52  Orbital Command  
  66  7:59  Barracks  
  55  8:44  SCV  
  55  8:45  SCV  
  55  8:48  Barracks Reactor  
  57  8:49  Marine x4  
  57  8:51  Concussive Shells, Marauder  
  55  9:06  Marine  
  55  9:07  Marine x3  
  58  9:18  Siege Tank  
  58  9:19  Medivac  
  58  9:20  Viking  
  58  9:21  Marine  
  66  9:24  Marine  
  66  9:31  Barracks  
  67  9:41  Marine x2  
  67  9:42  Marine x3  
  69  10:12  Marine x3  
  69  10:13  Marine x2  
  69  10:14  Marauder  
Show
View Real Time Build Order
Export as new Build Order

zidar Zerg 

Build Orders: Hatch First, Muta Ling Bane 

Get SALT Encoding   

  12  0:02  Drone  
  13  0:12  Overlord  
  13  0:17  Drone  
  14  0:22  Extractor  
  14  0:23  Drone  
  15  0:31  Drone  
  15  0:34  Drone  
  17  0:56  Hatchery  
  16  0:57  Drone  
  16  1:01  Extractor  
  16  1:03  Drone  
  17  1:19  Spawning Pool  
  16  1:27  Drone  
  17  1:33  Drone x2  
  19  1:45  Drone  
  20  2:07  Zergling x4  
  21  2:12  Queen  
  21  2:13  Queen  
  25  2:18  Zergling x4  
  26  2:33  Metabolic Boost  
  26  2:42  Roach Warren  
  24  2:50  Drone x3  
  27  2:54  Overlord  
  27  3:07  Overlord  
  27  3:21  Drone x3  
  27  3:24  Drone x4  
  27  3:26  Drone  
  35  3:41  Drone x3  
  35  3:42  Drone x2  
  40  3:49  Baneling Nest  
  38  4:11  Zergling x12  
  38  4:13  Extractor x2  
  42  4:34  Lair, Extractor  
  42  4:38  Hatchery  
  40  4:57  Baneling  
  40  4:58  Baneling x5  
  40  5:01  Queen  
  28  5:31  Zergling x8  
  28  5:32  Zergling x22  
  40  5:38  Centrifical Hooks  
  37  5:59  Queen  
  39  6:24  Drone x5  
  39  6:25  Drone x5  
  49  6:47  Spire  
  48  6:56  Overlord x2  
  48  6:57  Overlord x2  
  48  7:15  Baneling x11  
  48  7:28  Zergling x2  
  48  7:29  Zergling x14  
  41  8:14  Mutalisk x7  
  41  8:16  Zergling x2  
  56  8:25  Drone x3  
  41  9:13  Zergling x26  
  41  9:14  Zergling x2  
  41  9:16  Zergling x2  
  56  9:18  Drone x3  
  59  9:28  Drone x4  
  52  9:43  Zergling x2  
  52  9:44  Zergling x14  
  50  9:53  Zergling x8  
  39  10:11  Zergling x2  
  39  10:12  Zergling x12  
  38  10:20  Baneling  
Tags
 
Composition
Muta Ling Bane
Matchup
TvZ
Spawn Locations
Close Positions
Add a new tag
Caveats
  • Supply blocks, unpowered buildings, or Contaminate may cause inaccurate times.
  • Supply counts are checked every 10 seconds.